 Dungeon Crawl Stone Soup version 0.18-a0-1343-g48c8f86 (webtiles) character file.

51 Duffy the Sneak (level 3, -3/16 HPs)
             Began as a Vine Stalker Enchanter on Feb 16, 2016.
             Slain by a gnoll
             ... wielding a +0 club
              (10 damage)
             ... on level 2 of the Dungeon.
             The game lasted 00:01:17 (622 turns).

Duffy the Sneak (Vine Stalker Enchanter)             Turns: 622, Time: 00:01:17

Health: -3/16      AC:  4    Str: 10    XL:     3   Next: 81%
Magic:  0/7        EV: 12    Int: 15    God:
Gold:   10         SH:  0    Dex: 15    Spells: 2 memorised, 3 levels left

rFire  . . .     SeeInvis .     a - +1 dagger
rCold  . . .     Gourm    .     b - +1 robe
rNeg   . . .     Faith    .     (no shield)
rPois  .         Spirit   +     (no helmet)
rElec  .         Dismiss  .     m - +0 cloak
rCorr  .         Reflect  .     (no gloves)
SustAt .         Harm     .     (no boots)
MR     .....                    (no amulet)
Stlth  +++++.....               l - ring of stealth
                                j - ring of stealth

@: not resistant to hostile enchantments, quite stealthy
A: fangs 2, regeneration 1, magic shield, antimagic bite, no device heal 3, rot
immunity
a: no special abilities


You were on level 2 of the Dungeon.
You were not hungry.

You visited 1 branch of the dungeon, and saw 2 of its levels.

You collected 10 gold pieces.


Innate Abilities, Weirdness & Mutations

You have extremely sharp teeth.
Your natural rate of healing is unusually fast.
When hurt, damage is shared between your health and your magic reserves.
Your bite disrupts and absorbs the magic of your enemies.
Potions and wands cannot restore your health.
You are immune to rotting.


   Skills:
 + Level 2.2 Short Blades
 - Level 1.5 Dodging
 + Level 4.8 Stealth
 - Level 2.2 Spellcasting
 - Level 3.0 Hexes


You had 3 spell levels left.
You knew the following spells:

 Your Spells              Type           Power        Failure   Level  Hunger
a - Ensorcelled Hibernat  Hex/Ice        #.....       17%         2    ###....
r - Corona                Hex            ##.....      8%          1    #......

Inventory:

Hand Weapons
 a - a +1 dagger (weapon)
Armour
 b - a +1 robe (worn)
 m - a +0 cloak (worn)
Jewellery
 j - a ring of stealth (left hand)
 l - a ring of stealth (right hand)
Scrolls
 f - a scroll of fear {unknown}
 g - a scroll of identify {unknown}
 i - 3 scrolls of immolation {unknown}
Potions
 e - a potion of degeneration {unknown}
 k - a potion of agility {unknown}
 n - a potion of haste {unknown}
Books
 c - a book of Maledictions
Comestibles
 d - 3 bread rations
 h - 3 fruits

Dungeon Overview and Level Annotations

Branches:
Dungeon (2/15)

Altars:


Message History

You don't have enough magic to cast that spell.
You hit the gnoll but do no damage. Your bite misses the gnoll.
You completely miss the gnoll. You bite the gnoll, but do no damage.
The gnoll hits you with a club.
You hit the gnoll. You bite the gnoll. You drain its power.
You feel invigorated.
The gnoll is moderately wounded.
The gnoll barely misses you.
You hit the gnoll but do no damage. Your bite misses the gnoll.
The gnoll is moderately wounded.
The gnoll hits you with a club!
You are too injured to fight recklessly!
You are too injured to fight recklessly!
You are too injured to fight recklessly!
You are too injured to fight recklessly!
You are too injured to fight recklessly!
You are too injured to fight recklessly!
You are too injured to fight recklessly!
You are too injured to fight recklessly!
You are too injured to fight recklessly!
You are too injured to fight recklessly!
You are too injured to fight recklessly!
You are too injured to fight recklessly!
You are too injured to fight recklessly!
The gnoll hits you with a club.
Cast which spell? (? or * to list)
Aiming: Ensorcelled Hibernation
Press: ? - help, Shift-Dir - straight line, f/p - gnoll
Aim: a gnoll, wielding a club (moderately wounded, chance to defeat MR: 47%)
The gnoll resists with some effort.
Things that are here:
a spear; a gnoll corpse The gnoll hits you with a club!
Ouch! That really hurt!
You die...

# #. ###### #.### #....#
.... #....#
###.######...[# #######.
#..%..).......#####<......
#.#.#####g................
#.#.#####@#+########......
#................ ......
###.###.....)...# ######
#..##.#<#.##.##
#.......#.# # #..).......
#.#.#....... #.#.#...#.##.
#.#.# ..#


You could see a gnoll.

Action                   || total
-------------------------++-------
Melee: Dagger            ||    48
 Cast: Ensorcelled Hiber ||     5
 Stab: Sleeping          ||    11

Notes
Turn   | Place    | Note
--------------------------------------------------------------
     0 | D:1      | Duffy the Vine Stalker Enchanter began the quest for the Orb.
     0 | D:1      | Reached XP level 1. HP: 9/9 MP: 4/4
    16 | D:1      | Reached skill level 1 in Short Blades
   301 | D:1      | Reached XP level 2. HP: 13/13 MP: 6/6
   309 | D:1      | Reached skill level 4 in Stealth
   313 | D:1      | Learned a level 2 spell: Ensorcelled Hibernation
   572 | D:2      | Reached skill level 2 in Short Blades
   572 | D:2      | Reached XP level 3. HP: 16/16 MP: 7/7
   622 | D:2      | Slain by a gnoll

Vault maps used:
D:1:      minmay_arrival_semitransparent
D:2:      serial_curves, eino_curves_04, eino_curves_03

Vanquished Creatures
  3 gnolls
  A worm
  A goblin
  3 hobgoblins
  5 bats
  5 giant newts
  2 kobolds
20 creatures vanquished.
